Map: Prion Terraces

Players

Antillean

  • Race: Protoss Protoss

Novawulfen - Winner!

  • Race: Terran Terran

VOD

Have the link to the VOD?

Description

Time

  • Played on: Nov. 14, 2015, 6:03 p.m.
  • Length: 9:50
Show
View Real Time Build Order
Export as new Build Order

Antillean Protoss 

Build Orders:  

Get SALT Encoding   

  12  0:01  Probe (Chrono Boost)  
  13  0:15  Pylon  
  13  0:20  Probe (Chrono Boost)  
  14  0:30  Probe (Chrono Boost)  
  15  0:39  Gateway  
  15  0:41  Probe (Chrono Boost)  
  16  0:55  Pylon  
  16  0:57  Probe (Chrono Boost)  
  16  1:00  Assimilator  
  17  1:08  Probe (Chrono Boost)  
  19  1:18  Probe (Chrono Boost)  
  19  1:29  Probe (Chrono Boost)  
  20  1:35  Cybernetics Core  
  20  1:41  Pylon  
  20  2:01  Nexus  
  20  2:07  Probe (Chrono Boost)  
  21  2:10  Assimilator  
  21  2:12  Warp Gate (Chrono Boost)  
  21  2:17  Adept  
  21  2:18  Probe  
  24  2:31  Mothership Core  
  26  2:57  Pylon  
  26  3:01  Pylon  
  26  3:04  Probe  
  27  3:16  Pylon  
  27  3:19  Robotics Facility  
  27  3:26  Gateway  
  27  3:27  Gateway, Probe  
  28  3:35  Probe  
  28  3:38  Probe  
  30  3:47  Probe (Chrono Boost)  
  31  3:49  Probe (Chrono Boost)  
  31  3:52  Pylon  
  32  3:59  Probe (Chrono Boost)  
  32  4:01  Probe (Chrono Boost)  
  34  4:09  Observer  
  35  4:10  Probe (Chrono Boost)  
  35  4:11  Probe (Chrono Boost)  
  37  4:20  Pylon  
  37  4:23  Pylon  
  37  4:31  Observer  
  38  4:33  Forge  
  38  4:39  Probe (Chrono Boost)  
  38  4:40  Probe (Chrono Boost)  
  38  4:44  Pylon  
  40  4:49  Probe (Chrono Boost)  
  40  4:51  Probe (Chrono Boost)  
  42  4:57  Gateway  
  42  4:59  Warp Prism  
  42  5:00  Probe (Chrono Boost)  
  42  5:01  Probe (Chrono Boost)  
  46  5:11  Probe (Chrono Boost)  
  46  5:13  Gateway  
  47  5:15  Pylon  
  41  5:29  Stalker x2  
  41  5:30  Stalker  
  47  5:41  Probe (Chrono Boost)  
  48  5:52  Probe (Chrono Boost)  
  48  5:56  Pylon  
  49  5:59  Pylon  
  49  6:02  Probe (Chrono Boost)  
  49  6:03  Zealot x2  
  49  6:04  Zealot x2  
  58  6:13  Probe (Chrono Boost)  
  59  6:23  Probe x2 (Chrono Boost)  
  61  6:28  Pylon  
  61  6:29  Assimilator  
  61  6:31  Protoss Ground Weapons Level 1 (Chrono Boost)  
  61  6:32  Probe  
  61  6:33  Assimilator  
  61  6:34  Probe  
  61  6:38  Stalker x2  
  61  6:39  Stalker x2  
  71  6:41  Zealot  
  71  6:42  Probe  
  74  6:47  Pylon  
  74  6:53  Probe  
  75  7:13  Stalker x2  
  68  7:24  Warp Prism  
  66  7:38  Nexus  
  62  7:46  Twilight Council  
  62  7:50  Robotics Bay  
  62  7:59  Probe, Gateway x2  
  63  8:08  Pylon  
  63  8:09  Probe  
  63  8:11  Pylon  
  64  8:19  Observer  
  65  8:20  Stalker x3, Probe  
  65  8:21  Stalker, Zealot  
  66  8:46  Photon Cannon  
  66  9:01  Probe  
  73  9:05  Photon Cannon, Robotics Facility  
  73  9:11  Probe  
  73  9:12  Zealot x5  
  84  9:22  Probe  
  85  9:32  Probe  
Show
View Real Time Build Order
Export as new Build Order

Novawulfen Terran - Winner!

Build Orders:  

Get SALT Encoding   

  12  0:01  SCV  
  13  0:13  SCV  
  14  0:18  Supply Depot  
  14  0:28  SCV  
  15  0:43  Barracks  
  15  0:49  SCV  
  16  0:53  Refinery  
  16  1:01  SCV  
  17  1:13  SCV  
  18  1:29  Marine  
  19  1:37  Supply Depot  
  19  1:39  Orbital Command  
  19  1:53  Marine  
  20  1:58  Command Center  
  20  2:08  SCV  
  20  2:09  Bunker  
  20  2:13  Marine  
  22  2:23  SCV  
  22  2:27  Factory  
  23  2:32  Barracks Reactor  
  23  2:36  SCV  
  24  2:47  Refinery  
  24  2:48  SCV  
  25  3:12  Starport  
  25  3:13  SCV  
  25  3:14  Orbital Command  
  25  3:16  Marine  
  25  3:17  Marine  
  28  3:21  Supply Depot  
  28  3:25  SCV  
  28  3:26  Widow Mine  
  31  3:35  Engineering Bay  
  31  3:37  SCV  
  32  3:44  Orbital Command  
  32  3:49  SCV  
  32  3:50  Marine x2  
  32  3:53  Medivac  
  32  3:55  Widow Mine  
  39  4:04  SCV, Supply Depot  
  39  4:07  Terran Infantry Weapons Level 1  
  40  4:13  Missile Turret  
  40  4:15  SCV  
  41  4:22  SCV  
  42  4:36  SCV  
  42  4:37  SCV, Marine x2  
  46  4:48  SCV, Widow Mine  
  46  4:49  Barracks  
  46  4:50  Starport Reactor  
  49  4:55  SCV  
  49  4:56  Barracks  
  49  4:58  Barracks  
  50  5:06  Missile Turret  
  50  5:07  Supply Depot  
  50  5:08  SCV x2  
  50  5:10  Marine  
  53  5:29  SCV  
  53  5:30  SCV  
  50  5:42  SCV x2, Marine  
  49  5:43  Marine  
  49  5:46  Widow Mine  
  49  5:47  Medivac x2  
  49  5:49  Barracks Reactor, Barracks Tech Lab x2  
  57  5:59  Refinery  
  57  6:01  Supply Depot  
  57  6:02  SCV x2, Marine  
  57  6:03  Supply Depot, Marine  
  61  6:06  Refinery  
  61  6:16  Marauder x2  
  65  6:18  Widow Mine  
  65  6:19  Medivac  
  65  6:22  Medivac  
  65  6:23  Marine x2  
  73  6:31  Marine x2  
  73  6:32  SCV x2  
  77  6:45  SCV  
  77  6:46  SCV  
  79  6:51  Command Center  
  79  7:01  Marine x2  
  79  7:02  Marine x4  
  80  7:19  Marine x3  
  71  7:37  Marine  
  71  7:38  Marauder x2, Marine x3  
  79  7:46  Widow Mine  
  79  7:48  Medivac x2  
  79  7:49  SCV  
  86  7:57  Supply Depot  
  86  7:59  Supply Depot  
  86  8:00  Command Center  
  86  8:02  SCV x2, Marine x4  
  86  8:03  Marauder x2  
  96  8:11  Orbital Command  
  96  8:14  SCV x2  
  96  8:19  Widow Mine  
  100  8:20  Marine  
  90  8:35  SCV  
  90  8:36  SCV, Marine x2  
  90  8:37  Marauder x2, Marine  
  99  8:50  SCV x2  
  99  8:51  Orbital Command  
  101  8:58  Marauder x2  
  105  9:05  SCV  
  105  9:06  SCV, Marine x4  
  105  9:08  Factory Reactor, Medivac  
  113  9:19  Marauder, Marine  
  113  9:24  Marine  
Tags
 
Add a new tag
Caveats
  • Supply blocks, unpowered buildings, or Contaminate may cause inaccurate times.
  • Supply counts are checked every 10 seconds.